[Event "ICC tourney 2395 (75 10)"]
[Site "Internet Chess Club"]
[Date "2021.02.20"]
[Round "1"]
[White "michaelxiao"]
[Black "jacobsperber"]
[Result "1-0"]
[ICCResult "Black resigns"]
[WhiteElo "1310"]
[BlackElo "1447"]
[Opening "Sicilian: Alapin's variation (2.c3)"]
[ECO "B22"]
[NIC "SI.46"]
[Time "11:03:14"]
[PlyCount "35"]
[TimeControl "4500+10"]

1. e4 c5 2. c3 d5 3. exd5 Qxd5 4. d4 cxd4 5. cxd4 Nc6 6. Nf3 Bg4 7. Be2 Nf6
8. Nc3 Qd7 9. d5 Bxf3 10. gxf3 O-O-O 11. dxc6 Qxc6 12. Qb3 e6 13. Bd2 Bc5
14. O-O-O Nd5 15. Bb5 Qc7 16. Kb1 Rd6 17. Ne4 Rb6 18. Ba5 { Black resigns }
1-0

[Event "ICC tourney 2395 (75 10)"]
[Site "Internet Chess Club"]
[Date "2021.02.20"]
[Round "1"]
[White "ZYCON"]
[Black "MathMonkey"]
[Result "1-0"]
[ICCResult "Black checkmated"]
[WhiteElo "1458"]
[BlackElo "1332"]
[Opening "Grünfeld: modern exchange variation"]
[ECO "D85"]
[NIC "GI.04"]
[Time "11:03:12"]
[PlyCount "49"]
[TimeControl "4500+10"]

1. d4 Nf6 2. c4 g6 3. Nc3 d5 4. cxd5 Nxd5 5. e4 Nxc3 6. bxc3 Bg7 7. Nf3 c5
8. Be3 O-O 9. Be2 Nc6 10. O-O Qa5 11. Qb3 cxd4 12. cxd4 Rd8 13. Rfd1 b6 14.
Bd2 Qh5 15. Ng5 Qxe2 16. Qxf7+ Kh8 17. Qb3 Bxd4 18. Nf7+ Kg7 19. Bh6+ Kf6
20. Nxd8 Bxf2+ 21. Kh1 Ne5 22. Qg8 Qxe4 23. Qf8+ Nf7 24. Qxf7+ Ke5 25. Bg7#
{ Black checkmated } 1-0

[Event "ICC tourney 2395 (75 10)"]
[Site "Internet Chess Club"]
[Date "2021.02.20"]
[Round "1"]
[White "Alexkidd"]
[Black "LW-PE"]
[Result "1-0"]
[ICCResult "Black resigns"]
[WhiteElo "1346"]
[BlackElo "1485"]
[Opening "Sicilian: dragon, Yugoslav attack, Rauser variation"]
[ECO "B76"]
[NIC "SI.25"]
[Time "11:03:13"]
[PlyCount "41"]
[TimeControl "4500+10"]

1. e4 c5 2. Nf3 Nc6 3. d4 cxd4 4. Nxd4 Nf6 5. Nc3 d6 6. Be3 g6 7. f3 Bg7 8.
Qd2 O-O 9. O-O-O Nxd4 10. Bxd4 Be6 11. g4 Qa5 12. a3 Rfc8 13. g5 Nh5 14.
Bxg7 Nxg7 15. h4 Nh5 16. Bh3 Rxc3 17. Qxc3 Qxc3 18. bxc3 Bc4 19. Rd4 Rc8
20. Bxc8 Ng3 21. Rxc4 { Black resigns } 1-0

[Event "ICC tourney 2395 (75 10)"]
[Site "Internet Chess Club"]
[Date "2021.02.20"]
[Round "1"]
[White "Coolcat321"]
[Black "EricCheng-131"]
[Result "1-0"]
[ICCResult "Black resigns"]
[WhiteElo "1471"]
[BlackElo "1340"]
[Opening "English: Caro-Kann defensive system"]
[ECO "A11"]
[NIC "EO.64"]
[Time "11:04:03"]
[PlyCount "65"]
[TimeControl "4500+10"]

1. c4 c6 2. Nf3 d5 3. cxd5 cxd5 4. g3 Nc6 5. Bg2 Nf6 6. O-O Bg4 7. d4 e6 8.
Nc3 Be7 9. Be3 O-O 10. Rc1 Rc8 11. Qb3 b6 12. Rfe1 Bf5 13. Bd2 Na5 14. Qd1
Nc4 15. Qb3 Ne4 16. Nxe4 Bxe4 17. Bc3 f5 18. Qa4 a5 19. Qb3 f4 20. Nd2 Bxg2
21. Kxg2 fxg3 22. hxg3 Nxd2 23. Bxd2 Rxc1 24. Rxc1 Bd6 25. Rh1 Qf6 26. Be3
Qg6 27. Rh3 Qe4+ 28. Kh2 Rf6 29. Qxb6 Bxg3+ 30. Rxg3 Qh4+ 31. Kg1 e5 32.
Qd8+ Kf7 33. Qxd5+ { Black resigns } 1-0

[Event "ICC tourney 2395 (75 10)"]
[Site "Internet Chess Club"]
[Date "2021.02.20"]
[Round "1"]
[White "NYHernandez"]
[Black "sganzb00"]
[Result "0-1"]
[ICCResult "White checkmated"]
[WhiteElo "1335"]
[BlackElo "1461"]
[Opening "Scotch game"]
[ECO "C45"]
[NIC "SO.04"]
[Time "11:03:31"]
[PlyCount "114"]
[TimeControl "4500+10"]

1. e4 e5 2. Nf3 Nc6 3. d4 exd4 4. Nxd4 d6 5. Nc3 Nf6 6. Be3 Be7 7. f3 a6 8.
Qd2 O-O 9. O-O-O Nxd4 10. Bxd4 Be6 11. g4 c5 12. Be3 b5 13. h4 b4 14. Ne2
a5 15. Nf4 Bxa2 16. b3 a4 17. Bc4 Qa5 18. Qf2 axb3 19. cxb3 Qa3+ 20. Qb2
Ra7 21. Rh2 Rfa8 22. Qxa3 Rxa3 23. Rd3 Bb1 24. Rdd2 Ra1 25. Rb2 Bxe4+ 26.
Kd2 R8a2 27. Rxa2 Rxa2+ 28. Kc1 Rxh2 29. fxe4 Rxh4 30. g5 Nxe4 31. Nd5 Bxg5
32. Bxg5 Nxg5 33. Nc7 Kf8 34. Nd5 Rd4 35. Kc2 h5 36. Ne3 g6 37. Bd5 Ne4 38.
Bc4 h4 39. Bf1 Nf2 40. Nc4 h3 41. Nd2 h2 42. Bg2 Rxd2+ 43. Kxd2 h1=Q 44.
Bxh1 Nxh1 45. Ke3 Ng3 46. Kf4 Ne2+ 47. Ke4 Nd4 48. Kd5 Ke7 49. Kc4 g5 50.
Kd3 Nxb3 51. Ke4 Nd4 52. Kd3 g4 53. Ke3 b3 54. Kf4 b2 55. Kxg4 b1=Q 56. Kg5
Qf5+ 57. Kh6 Qg6# { White checkmated } 0-1

[Event "ICC tourney 2395 (75 10)"]
[Site "Internet Chess Club"]
[Date "2021.02.20"]
[Round "1"]
[White "jojoraman"]
[Black "Fredzhang"]
[Result "0-1"]
[ICCResult "White checkmated"]
[WhiteElo "1379"]
[BlackElo "1499"]
[Opening "Sicilian"]
[ECO "B56"]
[NIC "SI.25"]
[Time "11:03:14"]
[PlyCount "90"]
[TimeControl "4500+10"]

1. e4 c5 2. Nf3 d6 3. d4 cxd4 4. Nxd4 Nf6 5. Nc3 Nc6 6. Be3 e5 7. Nf3 Be6
8. Be2 Be7 9. O-O O-O 10. Re1 Re8 11. Bd3 Ng4 12. h3 Nxe3 13. Rxe3 Nd4 14.
Re1 Nxf3+ 15. Qxf3 Bf6 16. Bb5 Rf8 17. Rad1 a6 18. Ba4 Bh4 19. Bb3 b5 20.
Qd3 b4 21. Nd5 a5 22. g3 Bf6 23. Nxf6+ Qxf6 24. Bxe6 fxe6 25. Rf1 Rac8 26.
f3 Qg5 27. g4 Qh4 28. Kg2 Rc6 29. Qb3 Qf6 30. Rd2 h5 31. Rfd1 a4 32. Qe3
hxg4 33. hxg4 Qf4 34. Qf2 Rd8 35. Qh4 Rf8 36. Qf2 d5 37. exd5 exd5 38. Rxd5
e4 39. R5d4 exf3+ 40. Kf1 Qg5 41. Rxb4 Qh6 42. Kg1 Qh3 43. c3 Rh6 44. Qd2
Qg3+ 45. Kf1 Rh1# { White checkmated } 0-1

[Event "ICC tourney 2395 (75 10)"]
[Site "Internet Chess Club"]
[Date "2021.02.20"]
[Round "1"]
[White "FlowingMelody"]
[Black "yogokings12"]
[Result "0-1"]
[ICCResult "White checkmated"]
[WhiteElo "1402"]
[BlackElo "1574"]
[Opening "Sicilian: dragon, Yugoslav attack, 9...Bd7"]
[ECO "B77"]
[NIC "SI.18"]
[Time "11:03:08"]
[PlyCount "86"]
[TimeControl "4500+10"]

1. e4 c5 2. Nf3 d6 3. d4 cxd4 4. Nxd4 Nf6 5. Nc3 g6 6. Be3 Bg7 7. f3 O-O 8.
Bc4 Nc6 9. Qd2 Bd7 10. Bb3 Rc8 11. O-O-O Ne5 12. Kb1 Re8 13. g4 b5 14. h4
b4 15. Nd5 Nxd5 16. Bxd5 e6 17. Bb7 Nc4 18. Qe2 Nxe3 19. Qxe3 Rc7 20. Ba6
Qb8 21. Be2 Qb6 22. Qd2 Rec8 23. Nb3 d5 24. exd5 exd5 25. Bd3 a5 26. h5 a4
27. Nc1 Qd4 28. c3 bxc3 29. Qc2 cxb2 30. Ne2 Qe3 31. Qd2 Qxd2 32. Rxd2 a3
33. hxg6 hxg6 34. Bc2 Bb5 35. Bd3 Bxd3+ 36. Rxd3 Rc2 37. Re3 d4 38. Rc3
R2xc3 39. Nxc3 Rxc3 40. f4 d3 41. g5 d2 42. Rg1 Rc1+ 43. Rxc1 dxc1=R# {
White checkmated } 0-1

[Event "ICC tourney 2395 (75 10)"]
[Site "Internet Chess Club"]
[Date "2021.02.20"]
[Round "1"]
[White "Yakshwag"]
[Black "skilledwolf"]
[Result "1-0"]
[ICCResult "Black resigns"]
[WhiteElo "1382"]
[BlackElo "1531"]
[Opening "Ruy Lopez: Marshall, main line, 14...Qh3"]
[ECO "C89"]
[NIC "RL.17"]
[Time "11:03:26"]
[PlyCount "57"]
[TimeControl "4500+10"]

1. e4 e5 2. Nf3 Nc6 3. Bb5 a6 4. Ba4 Nf6 5. O-O Be7 6. Re1 b5 7. Bb3 O-O 8.
c3 d5 9. exd5 Nxd5 10. Nxe5 Nxe5 11. Rxe5 c6 12. d4 Bd6 13. Re1 Qh4 14. g3
Qh3 15. Bxd5 cxd5 16. Qf3 Bg4 17. Qxd5 Be6 18. Qxd6 Rad8 19. Qf4 Bd5 20. f3
h6 21. Qg4 Qxg4 22. fxg4 Rfe8 23. Rxe8+ Rxe8 24. Kf2 Bc4 25. Be3 Re4 26.
Nd2 Rxg4 27. Nxc4 bxc4 28. d5 Rg6 29. Rd1 { Black resigns } 1-0

[Event "ICC tourney 2395 (75 10)"]
[Site "Internet Chess Club"]
[Date "2021.02.20"]
[Round "1"]
[White "marinaxiao"]
[Black "Jesserocks135"]
[Result "0-1"]
[ICCResult "White resigns"]
[WhiteElo "1493"]
[BlackElo "1364"]
[Opening "Sicilian: accelerated fianchetto, modern variation"]
[ECO "B34"]
[NIC "SI.33"]
[Time "11:03:14"]
[PlyCount "90"]
[TimeControl "4500+10"]

1. e4 c5 2. Nf3 Nc6 3. d4 cxd4 4. Nxd4 g6 5. Nc3 Bg7 6. Be3 Nf6 7. Be2 Qa5
8. O-O O-O 9. Nb3 Qc7 10. Kh1 Rd8 11. Qc1 d5 12. Nb5 Qe5 13. Bf4 Qxe4 14.
Bd3 Qe6 15. Nc7 Qd7 16. Nc5 Qg4 17. Nxa8 e5 18. Bd2 b6 19. f3 Qh5 20. Nb3
e4 21. Bb5 exf3 22. Rxf3 Ne5 23. Rf4 Nfg4 24. h3 Bh6 25. Rf1 Bxd2 26. Qxd2
Bb7 27. Nc7 d4 28. Kg1 Ne3 29. Rf2 Bxg2 30. Ne8 Qxh3 31. Nf6+ Kg7 32. Rf4
g5 33. Nxd4 gxf4 34. Nf5+ Qxf5 35. Qxd8 Nf3+ 36. Kf2 Qxb5 37. Ne8+ Kh6 38.
Qf6+ Kh5 39. Qxf7+ Kh4 40. Qxf4+ Ng4+ 41. Kxg2 Qe2+ 42. Kh1 Kh3 43. Qxg4+
Kxg4 44. Nf6+ Kg5 45. Nxh7+ Kh6 { White resigns } 0-1

[Event "ICC tourney 2395 (75 10)"]
[Site "Internet Chess Club"]
[Date "2021.02.20"]
[Round "1"]
[White "LOCHAR"]
[Black "akshajp"]
[Result "1-0"]
[ICCResult "Black checkmated"]
[WhiteElo "1554"]
[BlackElo "1392"]
[Opening "English, 1...Nf6 (Anglo-Indian defense)"]
[ECO "A15"]
[NIC "EO.64"]
[Time "11:03:08"]
[PlyCount "129"]
[TimeControl "4500+10"]

1. c4 Nf6 2. g3 c5 3. Bg2 d6 4. Nc3 Nc6 5. e4 g6 6. Nge2 Bg7 7. d3 h5 8. h4
Bg4 9. f3 Bd7 10. Be3 a6 11. Qd2 b5 12. cxb5 axb5 13. Nxb5 Qb6 14. Nbc3 Nd4
15. O-O Nb5 16. Rab1 Qa6 17. a3 O-O 18. d4 cxd4 19. Nxd4 Nxc3 20. Qxc3 e5
21. Nc2 Rfc8 22. Qd2 Bb5 23. Nb4 Qb7 24. Rfc1 Rd8 25. Bg5 Rd7 26. Bh3 Rc7
27. Qxd6 Rxc1+ 28. Rxc1 Qa7+ 29. Qc5 Qxc5+ 30. Rxc5 Bd7 31. Bxd7 Nxd7 32.
Rd5 Nb6 33. Rd8+ Rxd8 34. Bxd8 Nc4 35. Nd3 f5 36. exf5 gxf5 37. a4 e4 38.
fxe4 fxe4 39. Nf4 Nxb2 40. a5 Bd4+ 41. Kf1 Nc4 42. Nxh5 e3 43. Ke2 Nd6 44.
Bb6 Bxb6 45. axb6 Kf7 46. Kxe3 Nc4+ 47. Kf4 Nxb6 48. Kf5 Nd5 49. Nf4 Ne7+
50. Kg5 Kg7 51. h5 Ng8 52. g4 Nh6 53. Ne6+ Kh7 54. Kh4 Nf7 55. g5 Kg8 56.
g6 Ne5 57. Kg5 Nf3+ 58. Kf6 Nh4 59. Ng5 Kh8 60. Nf7+ Kg8 61. Nh6+ Kh8 62.
g7+ Kh7 63. g8=Q+ Kxh6 64. Qg5+ Kh7 65. Qg7# { Black checkmated } 1-0

[Event "ICC tourney 2395 (75 10)"]
[Site "Internet Chess Club"]
[Date "2021.02.20"]
[Round "1"]
[White "RatislavK"]
[Black "Loftiss82"]
[Result "1-0"]
[ICCResult "Black resigns"]
[WhiteElo "1482"]
[BlackElo "1342"]
[Opening "Sicilian: Alapin's variation (2.c3)"]
[ECO "B22"]
[NIC "SI.46"]
[Time "11:03:44"]
[PlyCount "91"]
[TimeControl "4500+10"]

1. e4 c5 2. c3 d6 3. d4 cxd4 4. cxd4 Nf6 5. Nc3 g6 6. Be3 Bg7 7. Bb5+ Bd7
8. e5 Ng4 9. e6 Bxb5 10. Qxg4 f5 11. Qf3 Ba6 12. d5 O-O 13. Nge2 b6 14. O-O
Bb7 15. Rac1 Na6 16. a3 Nc5 17. b4 Nd3 18. Rc2 Ne5 19. Qh3 Rc8 20. Rd1 Ng4
21. Bd4 Ne5 22. b5 a6 23. a4 a5 24. f4 Ng4 25. Bxg7 Kxg7 26. Nd4 Rc5 27.
Nc6 Qc7 28. Rdc1 Nf6 29. Qd3 Bxc6 30. bxc6 Qc8 31. Rb1 Qc7 32. Rcb2 Rb8 33.
Nb5 Rxd5 34. Qxd5 Nxd5 35. Nxc7 Nxc7 36. Rxb6 Rc8 37. Rb8 Rxb8 38. Rxb8 Kf6
39. Rb7 Nd5 40. c7 Nxc7 41. Rxc7 Kxe6 42. Kf2 Kd5 43. Rxe7 Kc5 44. Rxh7 d5
45. Ke3 Kc4 46. Rd7 { Black resigns } 1-0

[Event "ICC tourney 2395 (75 10)"]
[Site "Internet Chess Club"]
[Date "2021.02.20"]
[Round "1"]
[White "Deepbrainfinal"]
[Black "ruhanv"]
[Result "1-0"]
[ICCResult "Black checkmated"]
[WhiteElo "1415"]
[BlackElo "1245"]
[Opening "Caro-Kann: advance variation"]
[ECO "B12"]
[NIC "CK.02"]
[Time "11:03:13"]
[PlyCount "103"]
[TimeControl "4500+10"]

1. e4 c6 2. d4 d5 3. e5 c5 4. c3 Nc6 5. Nf3 Bg4 6. Bb5 e6 7. h3 Bxf3 8.
Qxf3 cxd4 9. cxd4 Qa5+ 10. Nc3 Bb4 11. Bxc6+ bxc6 12. O-O Ne7 13. Bd2 Nf5
14. a3 Be7 15. Qd3 Qb6 16. Ne2 c5 17. Bc3 c4 18. Qc2 O-O 19. Kh2 f6 20. g4
Nh4 21. f4 fxe5 22. dxe5 Bc5 23. Kg3 d4 24. Nxd4 Bxd4 25. Kxh4 Be3 26. Kg3
Rad8 27. Qe4 Rd3 28. Kg2 Qb3 29. Kh1 Rfd8 30. Qc6 Rd1 31. Qxe6+ Kh8 32.
Raxd1 Qb7+ 33. Kh2 Rg8 34. Qxc4 Qb6 35. Bd4 Bxd4 36. Qxd4 Qb3 37. Rd3 Qc2+
38. Rf2 Qc7 39. Rfd2 h6 40. Qd7 Qb6 41. e6 Qb8 42. Qd6 Qe8 43. e7 Qf7 44.
f5 Qe8 45. Qd8 Qa4 46. Rd4 Qb5 47. Qxg8+ Kxg8 48. Rd8+ Kh7 49. e8=Q Qxe8
50. Rxe8 a5 51. Rdd8 g5 52. Rd7# { Black checkmated } 1-0

[Event "ICC tourney 2395 (75 10)"]
[Site "Internet Chess Club"]
[Date "2021.02.20"]
[Round "1"]
[White "phosur"]
[Black "JavierDix"]
[Result "0-1"]
[ICCResult "White resigns"]
[WhiteElo "1301"]
[BlackElo "1422"]
[Opening "Robatsch (modern) defense"]
[ECO "B06"]
[NIC "KF.05"]
[Time "11:03:18"]
[PlyCount "104"]
[TimeControl "4500+10"]

1. e4 g6 2. d4 Bg7 3. Nf3 c5 4. c3 cxd4 5. cxd4 Nf6 6. Nc3 d6 7. Bf4 O-O 8.
Bc4 a6 9. a4 Nxe4 10. Nxe4 d5 11. Ned2 dxc4 12. Bxb8 Rxb8 13. Nxc4 Bg4 14.
Nce5 Bxe5 15. dxe5 Bxf3 16. Qxf3 Qa5+ 17. Kf1 Qxe5 18. Re1 Qxb2 19. Rxe7
Qa1+ 20. Re1 Qxa4 21. h4 Rfe8 22. Rxe8+ Qxe8 23. g4 Qb5+ 24. Kg1 Rc8 25.
Kh2 Qc6 26. Qg3 Qc7 27. Rb1 Qxg3+ 28. Kxg3 b5 29. Kf4 Rc4+ 30. Kg5 Kg7 31.
h5 h6+ 32. Kh4 g5+ 33. Kg3 b4 34. Ra1 Rc6 35. Rb1 a5 36. f4 Rc3+ 37. Kf2
gxf4 38. Rg1 f6 39. Rd1 Rb3 40. Rd7+ Kg8 41. Rd8+ Kf7 42. Rh8 Kg7 43. Ra8
Ra3 44. Ra7+ Kg8 45. Ra8+ Kf7 46. Ra7+ Ke6 47. Ra6+ Ke5 48. Ra8 b3 49. Re8+
Kd6 50. Re1 Ra2+ 51. Kf3 b2 52. Kxf4 Ra1 { White resigns } 0-1

[Event "ICC tourney 2395 (75 10)"]
[Site "Internet Chess Club"]
[Date "2021.02.20"]
[Round "1"]
[White "ChalsparoV"]
[Black "joeandjoe28"]
[Result "1-0"]
[ICCResult "Black resigns"]
[WhiteElo "1591"]
[BlackElo "1412"]
[Opening "King's Indian: London system"]
[ECO "A48"]
[NIC "QP.03"]
[Time "11:04:03"]
[PlyCount "99"]
[TimeControl "4500+10"]

1. d4 Nf6 2. Nf3 g6 3. Bf4 Bg7 4. e3 O-O 5. Nbd2 d5 6. h3 c5 7. c3 Nc6 8.
Be2 Qb6 9. Qb3 Qxb3 10. axb3 cxd4 11. exd4 Bf5 12. O-O a6 13. b4 Rac8 14.
Ne5 Nxe5 15. Bxe5 Nd7 16. Bxg7 Kxg7 17. Bf3 e6 18. Rfe1 Nb6 19. Be2 Rc7 20.
Rec1 Rfc8 21. g4 Be4 22. f3 Bf5 23. gxf5 exf5 24. Kf2 Nd7 25. Nb3 Kf6 26.
Nc5 Nb8 27. Bd1 Nc6 28. Bb3 Ne7 29. Re1 Rd8 30. Re5 h6 31. Rae1 h5 32. Nd3
b6 33. Nf4 Rcd7 34. Rxe7 Rxe7 35. Nxd5+ Rxd5 36. Rxe7 Kxe7 37. Bxd5 a5 38.
bxa5 bxa5 39. h4 f6 40. f4 g5 41. fxg5 fxg5 42. hxg5 h4 43. g6 Kf6 44. Bf7
f4 45. d5 h3 46. d6 h2 47. Kg2 f3+ 48. Kxh2 f2 49. Kg2 f1=Q+ 50. Kxf1 {
Black resigns } 1-0

[Event "ICC tourney 2395 (75 10)"]
[Site "Internet Chess Club"]
[Date "2021.02.20"]
[Round "1"]
[White "khriskruel"]
[Black "missqueen"]
[Result "1-0"]
[ICCResult "Black checkmated"]
[WhiteElo "1440"]
[BlackElo "1310"]
[Opening "Ponziani: Jaenisch counter-attack"]
[ECO "C44"]
[NIC "KP.05"]
[Time "11:04:03"]
[PlyCount "159"]
[TimeControl "4500+10"]

1. e4 e5 2. Nf3 Nc6 3. c3 Nf6 4. d4 d5 5. exd5 Qxd5 6. Be3 e4 7. Nfd2 Bg4
8. Be2 Qh5 9. Bxg4 Qxg4 10. Qxg4 Nxg4 11. Nxe4 Nxe3 12. fxe3 O-O-O 13. O-O
Re8 14. Nbd2 f6 15. Rae1 b6 16. a3 Kd7 17. Ng3 Kd6 18. e4 Ne7 19. Nf5+ Kc6
20. Nf3 g6 21. Nxe7+ Rxe7 22. e5 f5 23. h4 Kd5 24. Re2 c5 25. Rd1 Bh6 26.
Ng5 Rd8 27. Kf2 Kc4 28. Rc2 Kb3 29. Rdd2 cxd4 30. cxd4 Bxg5 31. hxg5 Ka4
32. Ke3 Rf8 33. g3 Rd8 34. Rc4+ Kb5 35. Rdc2 a5 36. Rc7 Rde8 37. Kf4 Re6
38. Rxh7 Rd8 39. Rd2 Kc4 40. Rc7+ Kb5 41. Ke3 Ka4 42. Rdc2 Kb5 43. R2c4 Re7
44. Rxe7 Kxc4 45. Re6 Rxd4 46. Rxg6 Re4+ 47. Kf3 Rxe5 48. Rxb6 Re4 49. g6
Rg4 50. Rf6 a4 51. Rxf5 Rxg6 52. Rf4+ Kb3 53. Rb4+ Ka2 54. g4 Rg5 55. Kf4
Rg8 56. Kf5 Rg7 57. g5 Rg8 58. g6 Rg7 59. Kf6 Rg8 60. Kf7 Ra8 61. g7 Ra7+
62. Kg6 Ra6+ 63. Kh7 Ra7 64. Rb8 Re7 65. Kh8 Rxg7 66. Kxg7 Ka1 67. Rb4 Ka2
68. Kf6 Ka1 69. Ke5 Ka2 70. Kd4 Ka1 71. Rxa4 Kxb2 72. Ra7 Kb3 73. Kc5 Kc3
74. a4 Kb3 75. a5 Ka4 76. a6 Ka5 77. Ra8 Ka4 78. Rb8 Ka5 79. a7 Ka4 80.
a8=Q# { Black checkmated } 1-0

[Event "ICC tourney 2395 (75 10)"]
[Site "Internet Chess Club"]
[Date "2021.02.20"]
[Round "1"]
[White "chessprogidy"]
[Black "awakeprize"]
[Result "1-0"]
[ICCResult "Black resigns"]
[WhiteElo "1341"]
[BlackElo "1478"]
[Opening "Queen's pawn: London system"]
[ECO "A45"]
[NIC "QP.07"]
[Time "11:03:07"]
[PlyCount "117"]
[TimeControl "4500+10"]

1. d4 Nf6 2. Bf4 d6 3. Nf3 g6 4. e3 Bg7 5. Be2 O-O 6. h3 c5 7. c3 Re8 8.
O-O Bd7 9. Nbd2 Qb6 10. Qb3 Nc6 11. Bc4 Qxb3 12. axb3 cxd4 13. exd4 a6 14.
Rfe1 h6 15. b4 Na7 16. Bb3 Rac8 17. Nc4 Nd5 18. Bg3 Bc6 19. Na5 Nb6 20.
Nxc6 Rxc6 21. Re2 Kf8 22. Rae1 Bf6 23. h4 Kg7 24. d5 Rc7 25. Bxd6 Rd7 26.
Bc5 Nac8 27. Rd1 Red8 28. Red2 g5 29. h5 g4 30. Nh2 Bg5 31. Rd4 f5 32. Bc2
Rxd5 33. Rxd5 Nxd5 34. Bxf5 e6 35. Bxe6 Nce7 36. Bxe7 Bxe7 37. Rxd5 Re8 38.
Bxg4 Bg5 39. Rd7+ Kh8 40. Rxb7 Rd8 41. Ra7 Rd6 42. Nf3 Bf4 43. g3 Bc1 44.
b3 Bb2 45. Ne5 Rb6 46. Nc4 Re6 47. Bxe6 a5 48. Ra8+ Kg7 49. Nxb2 a4 50.
bxa4 Kh7 51. b5 Kg7 52. b6 Kh7 53. b7 Kg7 54. b8=Q Kf6 55. Qf8+ Kxe6 56.
Re8+ Kd5 57. Qf5+ Kd6 58. Re6+ Kd7 59. Qf7+ { Black resigns } 1-0

[Event "ICC tourney 2395 (75 10)"]
[Site "Internet Chess Club"]
[Date "2021.02.20"]
[Round "1"]
[White "Paladin51"]
[Black "sassymareese"]
[Result "1/2-1/2"]
[ICCResult "Game drawn because neither player has mating material"]
[WhiteElo "1524"]
[BlackElo "1380"]
[Opening "Queen's pawn game"]
[ECO "D04"]
[NIC "QP.08"]
[Time "11:04:03"]
[PlyCount "122"]
[TimeControl "4500+10"]

1. d4 d5 2. Nf3 Nf6 3. e3 c5 4. Bd3 g6 5. O-O Bg7 6. b3 O-O 7. Bb2 cxd4 8.
exd4 Nc6 9. a3 Bg4 10. h3 Bxf3 11. Qxf3 e6 12. Nd2 Qd7 13. Rfe1 Rfe8 14.
Re2 Rac8 15. Rae1 Qd6 16. Qe3 Nd7 17. Nf3 e5 18. dxe5 Ndxe5 19. Bxe5 Nxe5
20. Nxe5 Bxe5 21. Qg5 Bh2+ 22. Kh1 Rxe2 23. Rxe2 Bf4 24. Qe7 Qxe7 25. Rxe7
Rc7 26. Re8+ Kg7 27. Rd8 Rc5 28. g3 Bc7 29. Rd7 Kf6 30. b4 Ke6 31. Rxf7
Kxf7 32. bxc5 Ke6 33. f4 b6 34. cxb6 Bxb6 35. Kg2 d4 36. Kf3 Kd5 37. g4 Ke6
38. f5+ Kf6 39. h4 gxf5 40. gxf5 Bc5 41. a4 Bb6 42. Kg4 Bc5 43. Kh5 Bf8 44.
Kg4 Bc5 45. Kf4 Bb6 46. Ke4 Bc5 47. Kd5 Bb6 48. a5 Bxa5 49. Kxd4 h5 50. Ke4
Be1 51. Be2 Bxh4 52. Bxh5 a5 53. Be8 Be1 54. c4 Bb4 55. Ba4 Bc5 56. Bc2 Bb4
57. Kd5 a4 58. c5 Bxc5 59. Kxc5 a3 60. Bb1 a2 61. Bxa2 Kxf5 { Game drawn
because neither player has mating material } 1/2-1/2

[Event "ICC tourney 2395 (75 10)"]
[Site "Internet Chess Club"]
[Date "2021.02.20"]
[Round "2"]
[White "Loftiss82"]
[Black "marinaxiao"]
[Result "0-1"]
[ICCResult "White checkmated"]
[WhiteElo "1342"]
[BlackElo "1493"]
[Opening "Sicilian: Pelikan (Lasker/Sveshnikov) variation"]
[ECO "B33"]
[NIC "SI.35"]
[Time "14:32:18"]
[PlyCount "34"]
[TimeControl "4500+10"]

1. e4 c5 2. Nf3 Nc6 3. d4 cxd4 4. Nxd4 Nf6 5. Nc3 e5 6. Nxc6 bxc6 7. Bc4
Bb4 8. O-O Bxc3 9. bxc3 Nxe4 10. Re1 d5 11. Bb3 O-O 12. Bb2 Bf5 13. f3 Qb6+
14. Kh1 Nf2+ 15. Kg1 Nh3+ 16. Kh1 Qg1+ 17. Rxg1 Nf2# { White checkmated }
0-1

[Event "ICC tourney 2395 (75 10)"]
[Site "Internet Chess Club"]
[Date "2021.02.20"]
[Round "2"]
[White "joeandjoe28"]
[Black "EricCheng-131"]
[Result "1-0"]
[ICCResult "Black resigns"]
[WhiteElo "1412"]
[BlackElo "1340"]
[Opening "Ruy Lopez: closed defense"]
[ECO "C87"]
[NIC "RL.13"]
[Time "14:32:18"]
[PlyCount "69"]
[TimeControl "4500+10"]

1. e4 e5 2. Nf3 Nc6 3. Bb5 a6 4. Ba4 Nf6 5. O-O Be7 6. Re1 O-O 7. c3 b5 8.
Bc2 Bb7 9. d4 d6 10. Nbd2 Qd7 11. Nf1 Rae8 12. Ng3 exd4 13. cxd4 Bd8 14. e5
dxe5 15. Bf5 Qd5 16. dxe5 Qxd1 17. Rxd1 Nxe5 18. Nxe5 Rxe5 19. Be3 Nd5 20.
Bc5 Be7 21. Bd4 Rxf5 22. Nxf5 Bf6 23. Bxf6 gxf6 24. Rxd5 Bxd5 25. Ne7+ Kg7
26. Nxd5 c6 27. Nb4 Kg6 28. Nxa6 Ra8 29. Nc5 Kf5 30. Kf1 b4 31. f3 Ra5 32.
Nb3 Rd5 33. Kf2 c5 34. Rc1 c4 35. Rxc4 { Black resigns } 1-0

[Event "ICC tourney 2395 (75 10)"]
[Site "Internet Chess Club"]
[Date "2021.02.20"]
[Round "2"]
[White "michaelxiao"]
[Black "ZYCON"]
[Result "0-1"]
[ICCResult "White checkmated"]
[WhiteElo "1310"]
[BlackElo "1458"]
[Opening "Sicilian: Alapin's variation (2.c3)"]
[ECO "B22"]
[NIC "SI.46"]
[Time "14:32:46"]
[PlyCount "64"]
[TimeControl "4500+10"]

1. e4 c5 2. c3 d5 3. exd5 Qxd5 4. d4 e6 5. Nf3 Nf6 6. Bg5 Be7 7. Bb5+ Nc6
8. O-O O-O 9. Re1 cxd4 10. Bxc6 bxc6 11. Re5 Qd6 12. cxd4 Rd8 13. Nc3 Qc7
14. Rc1 Bb7 15. Bf4 Qd7 16. Re3 h6 17. Ne5 Qxd4 18. Nd3 Ba6 19. Be5 Qd7 20.
Bxf6 Bxf6 21. Nc5 Qxd1+ 22. Rxd1 Bxc3 23. Rxd8+ Rxd8 24. h3 Bd4 25. Rd3
Bxd3 26. Nxd3 Kf8 27. Nb4 Bxb2 28. Nxc6 Rd1+ 29. Kh2 Ra1 30. Nxa7 Rxa2 31.
Nb5 Be5+ 32. Kh1 Ra1# { White checkmated } 0-1

[Event "ICC tourney 2395 (75 10)"]
[Site "Internet Chess Club"]
[Date "2021.02.20"]
[Round "2"]
[White "yogokings12"]
[Black "khriskruel"]
[Result "1-0"]
[ICCResult "Black checkmated"]
[WhiteElo "1574"]
[BlackElo "1440"]
[Opening "Sicilian: Najdorf, 7.f4"]
[ECO "B96"]
[NIC "SI.04"]
[Time "14:32:11"]
[PlyCount "85"]
[TimeControl "4500+10"]

1. e4 c5 2. Nf3 d6 3. d4 cxd4 4. Nxd4 Nf6 5. Nc3 a6 6. Bg5 e6 7. f4 Nc6 8.
e5 h6 9. Nxc6 bxc6 10. Bh4 dxe5 11. Qxd8+ Kxd8 12. fxe5 g5 13. O-O-O+ Nd5
14. Bg3 Kc7 15. Ne4 Be7 16. c4 Nb6 17. Be2 Bd7 18. Rhf1 Be8 19. Nd6 Bxd6
20. exd6+ Kd7 21. b3 f5 22. Be5 Rg8 23. g4 f4 24. Bd3 Bg6 25. Be2 a5 26. h4
Raf8 27. hxg5 hxg5 28. Bf3 c5 29. Rh1 Nc8 30. Rh6 Nb6 31. Rdh1 Nc8 32. Rxg6
Rxg6 33. Rh7+ Kd8 34. Bc6 Nb6 35. Rb7 f3 36. Rxb6 Kc8 37. d7+ Kd8 38. Rb8+
Ke7 39. Rxf8 Kxf8 40. d8=Q+ Kf7 41. Bxf3 Rg8 42. Qd7+ Kf8 43. Bd6# { Black
checkmated } 1-0

[Event "ICC tourney 2395 (75 10)"]
[Site "Internet Chess Club"]
[Date "2021.02.20"]
[Round "2"]
[White "Alexkidd"]
[Black "Coolcat321"]
[Result "1-0"]
[ICCResult "Black resigns"]
[WhiteElo "1346"]
[BlackElo "1471"]
[Opening "Petrov: modern (Steinitz) attack"]
[ECO "C43"]
[NIC "RG.01"]
[Time "14:32:15"]
[PlyCount "69"]
[TimeControl "4500+10"]

1. e4 e5 2. Nf3 Nf6 3. d4 exd4 4. e5 Nd5 5. Qxd4 Nb6 6. Be2 Nc6 7. Qd1 Bc5
8. O-O O-O 9. Bf4 Re8 10. Nc3 Re6 11. Bd3 h6 12. Re1 d5 13. exd6 Bxd6 14.
Bxd6 Rxd6 15. Qe2 Be6 16. Rad1 Nb4 17. Be4 c6 18. Rxd6 Qxd6 19. Rd1 Qc5 20.
a3 N4d5 21. Nxd5 Nxd5 22. h3 Rd8 23. c4 Qe7 24. cxd5 Bxd5 25. Bh7+ Kf8 26.
Qxe7+ Kxe7 27. Re1+ Be6 28. Bf5 Rd6 29. Bxe6 fxe6 30. Kh2 Kf6 31. g4 Rd3
32. Kg2 Rb3 33. Re2 Rd3 34. Re3 Rd2 35. Nxd2 { Black resigns } 1-0